 Dungeon Crawl Stone Soup version 0.26.0-10-g1f06aea511 (webtiles) character file.

Game seed: 16001209184400279767

19659 sanka the Frost Mage (level 12, -8/97 HPs)
             Began as a Barachi Brigand on Jan 17, 2021.
             Was an Elder of Vehumet.
             Mangled by a polar bear (19 damage)
             ... in an ice cave.
             The game lasted 00:46:53 (24067 turns).

sanka the Frost Mage (Barachi Brigand)             Turns: 24067, Time: 00:46:54

Health: -8/97      AC:  8    Str: 14    XL:     12   Next: 71%
Magic:  17/17      EV: 19    Int: 16    God:    Vehumet [****..]
Gold:   595        SH:  0    Dex: 13    Spells: 7/18 levels left

rFire    . . .     SeeInvis +   B - +2 great sword (freeze) (curse)
rCold    . . .     Faith    +   (shield currently unavailable)
rNeg     . . .     Spirit   .   k - +0 robe
rPois    .         Reflect  .   (no helmet)
rElec    .         Harm     .   c - +0 cloak
rCorr    .         Rampage  .   y - +0 pair of gloves
Will     .....                  q - +2 pair of boots
Stlth    +.........             u - amulet of faith
HPRegen  0.26/turn              (no ring)
MPRegen  0.15/turn              m - ring of see invisible

@: confused, slow
A: +LOS, swims, slowness 1, strong legs 1
a: Hop, Renounce Religion


You were in an ice cave.
You worshipped Vehumet.
Vehumet was greatly pleased with you.
You visited 2 branches of the dungeon, and saw 13 of its levels.
You also visited: Ice Cave.

You collected 865 gold pieces.
You spent 270 gold pieces at shops.


Innate Abilities, Weirdness & Mutations

You can be seen from farther away. (+LOS)
You can swim through water.
You cover ground slowly.
You can hop short distances.


   Skills:
 - Level 10.0 Fighting
 - Level 2.1(6.5) Short Blades
 - Level 10.5(10.7) Long Blades
 - Level 2.0 Throwing
 - Level 5.0 Armour
 - Level 12.0 Dodging
 - Level 3.6 Stealth
 + Level 3.5 Spellcasting
 + Level 4.5 Conjurations
 + Level 12.1 Ice Magic
 + Level 1.8 Air Magic


You had 7 spell levels left.
You knew the following spells:

 Your Spells              Type           Power        Failure   Level
x - Hailstorm             Conj/Ice       29%          1%          4
z - Freeze                Ice            100%         1%          1
X - Freezing Cloud        Conj/Ice/Air   11%          45%         6

Your spell library contained the following spells:

 Spells                   Type           Power        Failure   Level
 Orb of Destruction       Conj           8%           99%         7
 Shock                    Conj/Air       48%          1%          1
 Ensorcelled Hibernation  Hex/Ice        44%          2%          2
 Static Discharge         Conj/Air       12%          4%          3
 Dazzling Flash           Conj/Hex       20%          6%          3
 Swiftness                Air            8%           13%         2
 Apportation              Tloc           4%           19%         1
 Corona                   Hex            2%           19%         1
 Airstrike                Air            4%           21%         4
 Lightning Bolt           Conj/Air       6%           32%         5
 Confusing Touch          Hex            2%           47%         3
 Lesser Beckoning         Tloc           1%           47%         3
 Tukima's Dance           Hex            2%           47%         3
 Alistair's Intoxication  Tmut/Pois      1%           99%         5
 Invisibility             Hex            2%           100%        6

Inventory:

Hand Weapons
 a - a +2 dagger
 b - a +1 flail of holy wrath
 e - a +0 halberd of flaming
 w - a +0 dire flail
 B - a cursed +2 great sword of freezing (weapon)
 P - a +0 great sword of freezing
 Q - a cursed +0 great sword
Missiles
 d - 35 poisoned darts (quivered)
Armour
 c - a +0 cloak (worn)
 k - a +0 robe (worn)
 o - a +0 plate armour
 q - a +2 pair of boots (worn)
 y - a +0 pair of gloves (worn)
 C - the +10 tower shield of Ignorance {rN+ Int-4}

   It affects your intelligence (-4).
   It protects you from negative energy.
 H - the -2 hat of the Alchemist {rElec rPois rF+ rC+ rN+ Will+ rMut rCorr}

   It protects you from fire.
   It protects you from cold.
   It insulates you from electricity.
   It protects you from poison.
   It protects you from negative energy.
   It affects your willpower, your defense against some magical effects.
   It provides partial protection from all sources of acid and corrosion.
   It protects you from mutation.
 O - a +2 tower shield of cold resistance
Jewellery
 m - a ring of see invisible (right hand)
 r - an uncursed ring of fire
 u - an amulet of faith (around neck)
 I - an uncursed amulet of guardian spirit
Wands
 n - a wand of flame (34)
 t - a wand of random effects (14)
 E - a wand of iceblast (8)
 F - a wand of polymorph (7)
Scrolls
 f - 2 scrolls of teleportation {@r4}
 h - 2 scrolls of amnesia
 j - 2 scrolls of magic mapping
 p - 3 scrolls of identify {@r1}
 v - 5 scrolls of remove curse
 x - 2 scrolls of fog
 K - a scroll of enchant armour
Potions
 g - 4 potions of curing {@q1}
 i - a potion of mutation {!q}
 l - 4 potions of heal wounds {@q2}
 s - 2 potions of haste {@q3}
 z - a potion of cancellation {unknown}
 A - a potion of degeneration {unknown}
 D - a potion of lignification {unknown}
 G - 2 potions of ambrosia
 L - 2 potions of might
 M - 2 potions of resistance {unknown}
 N - a potion of flight {unknown}
Miscellaneous
 J - a box of beasts

Dungeon Overview and Level Annotations

Branches:
Dungeon (12/15)            Temple (1/1) D:5            Lair (0/6) D:8
    Orc (0/2) D:10          IceCv (1/1)

Altars:
Ashenzari
Cheibriados
Dithmenos
Elyvilon
Fedhas
Gozag
Hepliaklqana
Kikubaaqudgha
Makhleb
Nemelex Xobeh
Okawaru
Qazlal
Ru
Sif Muna
Trog
Uskayaw
Vehumet
Wu Jian
Xom
Yredelemnul
Zin
The Shining One
Beogh

Shops:
D:6 !   D:9 =

Annotations:
D:9 3 runed translucent doors, puimuR's ghost, novice FoFE
D:10 3 runed translucent doors, rrobere's ghost, journeyman TrBe IceCv exclusion: ice statue

▒..▒▒ ▒▒...▒▒... ▒.▒.▒ ▒▒▒▒.....
▒▒▒..▒▒ ▒▒..▒▒ ▒▒▒ ▒▒≈▒▒..▒ ▒▒▒▒
≈≈▒▒ ▒≈≈▒▒▒.▒▒
≈≈≈▒▒▒▒▒▒▒▒▒▒≈≈▒▒.▒.▒
≈≈≈≈≈≈≈≈≈≈≈≈≈≈≈≈≈..▒▒
▒≈≈≈≈≈≈≈≈≈≈≈≈≈≈≈≈≈▒▒
≈≈≈▒▒▒▒▒▒▒▒▒▒▒▒▒F≈≈▒▒▒ ▒
▒▒▒▒▒.........▒h÷≈≈≈≈▒▒ ▒
▒▒...........†▒▒▒≈≈≈≈▒▒ ▒▒
▒▒.......▒▒▒.....▒▒≈≈≈≈▒▒▒▒▒▒▒▒▒≈
▒...▒......▒▒.....▒▒▒▒≈≈≈≈▒▒≈≈≈≈≈
▒...▒.....†.▒.......▒▒▒▒▒≈≈≈≈≈≈≈≈
▒...▒▒..)..▒▒........▒ ▒▒≈≈≈≈≈≈≈
▒▒...▒▒▒..▒▒........▒▒ ▒▒▒▒▒≈≈≈
▒▒▒...▒▒▒▒........▒▒ ▒▒▒▒▒▒ ▒▒▒≈


You could see a polar bear (berserk).


Message History

Unknown command.
Unknown command.
You slash the polar bear! You freeze the polar bear.
The polar bear is almost dead.
The polar bear bites you.
* * * LOW HITPOINT WARNING * * *
The polar bear misses you. The polar bear closely misses you.
The polar bear barely misses you. The polar bear barely misses you.
The polar bear barely misses you.
Unknown command.
You hit the polar bear.
The polar bear is almost dead.
The polar bear bites you!
* * * LOW HITPOINT WARNING * * *
The polar bear completely misses you. The polar bear completely misses you.
Unknown command.
Unknown command.
You are confused.
You feel invigorated. The polar bear bites you.
* * * LOW HITPOINT WARNING * * *
The polar bear barely misses you. The polar bear claws you.
* * * LOW HITPOINT WARNING * * *
The polar bear bites you!!
You die...

Action                   |  1- 3 |  4- 6 |  7- 9 | 10-12 || total
-------------------------+-------+-------+-------+-------++-------
Melee: Dagger            |   138 |   284 |       |       ||   422
       Flail             |       |    28 |   266 |       ||   294
       Dire flail        |       |       |   217 |   150 ||   367
       Great sword       |       |       |       |   394 ||   394
Throw: Dart              |       |    15 |    44 |    30 ||    89
 Cast: Freeze            |       |       |       |   273 ||   273
       Hailstorm         |       |       |       |    19 ||    19
 Abil: Hop               |       |       |       |    10 ||    10
Evoke: Wand              |       |       |     7 |    12 ||    19
  Use: Scroll            |       |     7 |     5 |     5 ||    17
       Potion            |       |       |       |     9 ||     9
 Stab: Sleeping          |     4 |       |       |       ||     4
Armor: Robe              |    30 |    14 |       |    83 ||   127
       Plate armour      |       |   259 |   555 |   486 ||  1300
Dodge: Dodged            |    70 |    80 |   158 |   633 ||   941
       Rpst.: Great sword |       |       |       |   124 ||   124

Levels and vault maps discovered:
D:1:      minmay_arrival_loop, layout_basic
D:2:      layout_loops_ring, nicolae_overflow_crystal_walls, st_stairs_9
D:3:      layout_basic, lemuel_round_altar
D:4:      layout_cave_pools
D:5:      layout_cave_pools, minmay_temple_entry_grid, hangedman_glass_teeth,
          serial_bayou_lake_a
D:6:      layout_gridville, nicolae_overflow_hidden_temple, serial_shops,
          shop_fountains
D:7:      layout_loops_corners, gammafunk_temple_overflow_statue, uniq_duvessa,
          uniq_joseph
D:8:      layout_basic, erik_lair_island, small_statue_alley_b, uniq_harold
D:9:      layout_roguey, eat_drink_and_be_merry_uskayaw,
          ebering_ghost_rock_garden, special_room [special_room_bee],
          serial_shops, nicolae_shop_crystal, evilmike_ruin_ashenzari,
          uniq_maurice
D:10:     minmay_s_stair_smasher, layout_irregular_city, david_orc_5,
          gammafunk_ghost_necromancy, grunt_gozag_breadcrumbs
D:11:     layout_long_grid
D:12:     layout_rooms, serial_co_window_serial, co_window_corner_a,
          co_window_of_opportunity_a, co_window_cross_1, co_window_corner_a,
          co_window_of_opportunity_a, co_window_cross_4,
          co_window_of_opportunity_c, co_window_unsneaky_path_c,
          co_window_broadway_c, co_window_4corner_a, co_window_paths_d,
          portal_ice_cave_entry_imps, minivault_10
Temple:   eino_temple_scatter_basement
IceCv:    ice_cave_small_giant

Notes
Turn   | Place    | Note
-------+----------+-------------------------------------------
     0 | D:1      | sanka the Barachi Brigand began the quest for the Orb.
     0 | D:1      | Reached XP level 1. HP: 17/17 MP: 1/1
   101 | D:1      | Reached skill level 3 in Fighting
   111 | D:1      | Reached XP level 2. HP: 7/24 MP: 2/2
   752 | D:2      | Reached skill level 4 in Fighting
   752 | D:2      | Reached XP level 3. HP: 30/30 MP: 3/3
   766 | D:2      | Found an ornate altar of the Wu Jian Council.
  1835 | D:1      | Reached skill level 5 in Fighting
  1995 | D:1      | Reached XP level 4. HP: 38/39 MP: 4/4
  3120 | D:3      | Reached skill level 6 in Fighting
  3134 | D:2      | Reached XP level 5. HP: 35/46 MP: 5/5
  3559 | D:3      | Found a shimmering blue altar of Sif Muna.
  4221 | D:3      | Reached skill level 7 in Fighting
  4344 | D:4      | Noticed an ogre
  4360 | D:4      | Killed an ogre
  4361 | D:4      | Reached XP level 6. HP: 27/56 MP: 6/6
  4796 | D:4      | Reached skill level 1 in Armour
  4903 | D:4      | Reached skill level 8 in Fighting
  4992 | D:4      | Reached skill level 2 in Armour
  5462 | D:5      | Entered Level 5 of the Dungeon
  5462 | D:5      | Found a staircase to the Ecumenical Temple.
  5470 | Temple   | Entered the Ecumenical Temple
  5614 | Temple   | Became a worshipper of Vehumet
  5657 | Temple   | Reached skill level 3 in Armour
  5748 | Temple   | Reached XP level 7. HP: 58/62 MP: 7/7
  5787 | Temple   | Reached skill level 4 in Armour
  6174 | Temple   | Reached skill level 5 in Armour
  7014 | D:5      | Reached skill level 9 in Fighting
  7162 | D:5      | Reached XP level 8. HP: 39/72 MP: 8/8
  7553 | D:6      | Reached * piety under Vehumet
  7553 | D:6      | Offered knowledge of Freeze by Vehumet.
  7556 | D:6      | Learned a level 1 spell: Freeze
  7579 | D:5      | Reached skill level 1 in Ice Magic
  7669 | D:6      | Reached skill level 1 in Spellcasting
  7753 | D:6      | Reached skill level 10 in Fighting
  7794 | D:6      | Reached skill level 2 in Spellcasting
  7794 | D:6      | Reached skill level 2 in Ice Magic
  7989 | D:6      | Reached skill level 3 in Ice Magic
  8000 | D:6      | Found Fyefax's Distillery.
  8008 | D:6      | Reached skill level 3 in Spellcasting
  8056 | D:6      | Reached skill level 4 in Ice Magic
  8182 | D:6      | Reached skill level 5 in Ice Magic
  8503 | D:6      | Reached skill level 6 in Ice Magic
  8503 | D:6      | Reached XP level 9. HP: 67/78 MP: 13/13
  8640 | D:6      | Found a shadowy altar of Dithmenos.
  8720 | D:6      | Reached skill level 7 in Ice Magic
  9305 | D:6      | Reached skill level 8 in Ice Magic
  9538 | D:6      | Bought a potion of heal wounds for 75 gold pieces
  9538 | D:6      | Bought a potion of haste for 150 gold pieces
  9538 | D:6      | Bought a potion of curing for 45 gold pieces
  9659 | D:7      | Noticed Duvessa
  9659 | D:7      | Noticed Dowan
  9681 | D:7      | Killed Duvessa
  9684 | D:7      | Killed Dowan
  9716 | D:7      | Reached skill level 9 in Ice Magic
 10144 | D:7      | Noticed a hornet
 10149 | D:7      | Paralysed by a hornet for 1 turns
 10150 | D:7      | Killed a hornet
 10150 | D:7      | Reached ** piety under Vehumet
 10150 | D:7      | Offered knowledge of Foxfire by Vehumet.
 10313 | D:7      | Noticed Joseph
 10613 | D:7      | Reached skill level 10 in Ice Magic
 10623 | D:7      | Reached skill level 2 in Dodging
 10987 | D:7      | Found the +10 tower shield of Ignorance {rN+ Int-4}
 11039 | D:7      | Reached skill level 3 in Dodging
 11434 | D:7      | Found a glowing silver altar of Zin.
 11435 | D:7      | Found a white marble altar of Elyvilon.
 11515 | D:7      | Killed Joseph
 11516 | D:7      | Reached skill level 5 in Dodging
 11516 | D:7      | Reached XP level 10. HP: 24/85 MP: 14/14
 11873 | D:8      | Noticed a two-headed ogre
 11969 | D:7      | Reached skill level 6 in Dodging
 12225 | D:8      | HP: 2/85 [centaur (12)]
 12230 | D:8      | HP: 8/85 [centaur (2)]
 12809 | D:8      | Reached skill level 7 in Dodging
 12984 | D:8      | Offered knowledge of Stone Arrow by Vehumet.
 13457 | D:8      | Reached skill level 8 in Dodging
 13543 | D:8      | Reached *** piety under Vehumet
 13642 | D:8      | Found a staircase to the Lair.
 14041 | D:8      | Noticed Harold
 15205 | D:8      | Reached skill level 11 in Ice Magic
 15221 | D:8      | HP: 3/85 [killer bee (7)]
 15222 | D:8      | Offered knowledge of Fulminant Prism by Vehumet.
 15227 | D:8      | HP: 2/85 [poisoned by a killer bee]
 15234 | D:8      | HP: 1/85 [poisoned by a killer bee]
 16469 | D:8      | Killed a two-headed ogre
 16470 | D:8      | Reached skill level 2 in Long Blades
 16750 | D:8      | Killed Harold
 16751 | D:8      | Reached skill level 4 in Long Blades
 16751 | D:8      | Reached skill level 9 in Dodging
 16751 | D:8      | Reached skill level 12 in Ice Magic
 16751 | D:8      | Reached XP level 11. HP: 24/90 MP: 3/15
 17113 | D:9      | Noticed Maurice
 17128 | D:9      | Killed Maurice
 17129 | D:9      | Reached skill level 5 in Long Blades
 17322 | D:9      | Found Wozon Gucea's Jewellery Shoppe.
 17663 | D:9      | Reached skill level 6 in Long Blades
 17768 | D:9      | Found a broken altar of Ashenzari.
 17813 | D:9      | Found a runed translucent gate.
 17813 | D:9      | Found a runed translucent gate.
 17814 | D:9      | Found a runed translucent gate.
 17817 | D:9      | Noticed puimuR's ghost (novice FoFE)
 17851 | D:9      | Reached **** piety under Vehumet
 17984 | D:9      | Offered knowledge of Hailstorm by Vehumet.
 18171 | D:9      | Found a hide-covered altar of Uskayaw.
 18173 | D:9      | Noticed a centaur warrior
 18191 | D:9      | Killed a centaur warrior
 18192 | D:9      | Reached skill level 7 in Long Blades
 18503 | D:9      | Reached skill level 8 in Long Blades
 18661 | D:10     | Entered Level 10 of the Dungeon
 18755 | D:10     | Reached skill level 9 in Long Blades
 19050 | D:10     | Reached skill level 10 in Long Blades
 19086 | D:10     | Found a runed translucent gate.
 19087 | D:10     | Found a runed translucent gate.
 19088 | D:10     | Found a runed translucent gate.
 19100 | D:10     | Learned a level 4 spell: Hailstorm
 19147 | D:10     | Noticed rrobere's ghost (journeyman TrBe)
 19208 | D:9      | Reached skill level 1 in Conjurations
 19534 | D:10     | Found an opulent altar of Gozag.
 19692 | D:10     | Reached skill level 2 in Conjurations
 19694 | D:10     | Reached ***** piety under Vehumet
 19735 | D:10     | Offered knowledge of Freezing Cloud by Vehumet.
 20041 | D:10     | Learned a level 6 spell: Freezing Cloud
 20105 | D:10     | Reached skill level 3 in Conjurations
 20494 | D:10     | Found a staircase to the Orcish Mines.
 20496 | D:10     | Found a roughly hewn altar of Beogh.
 20555 | D:10     | Reached XP level 12. HP: 75/97 MP: 16/16
 20564 | D:10     | Reached skill level 4 in Conjurations
 21185 | D:10     | Reached skill level 10 in Dodging
 21794 | D:12     | Found a frozen archway.
 21913 | IceCv    | Entered an ice cave
 22272 | IceCv    | Reached skill level 11 in Dodging
 22315 | IceCv    | Offered knowledge of Orb of Destruction by Vehumet.
 23118 | IceCv    | Noticed a frost giant
 23249 | IceCv    | Reached skill level 12 in Dodging
 23283 | IceCv    | Found the -2 hat of the Alchemist {rElec rPois rF+ rC+ rN+
                  | Will+ rMut rCorr}
 23300 | IceCv    | HP: 9/97 [wolf (9)]
 23484 | IceCv    | Reached skill level 1 in Air Magic
 24067 | IceCv    | Mangled by a polar bear

Vanquished Creatures
  Harold (D:8)
  A centaur warrior (D:9)
  A two-headed ogre (D:8)
  A deep elf mage (D:10)
  Maurice (D:9)
  Joseph (D:7)
  A queen bee (D:8)
  A troll (D:8)
  12 polar bears (IceCv)
  2 hornets
  31 yaks
  2 wyverns
  A wraith (D:10)
  Duvessa (D:7)
  4 ice beasts
  2 black bears
  9 orc warriors
  A hornet zombie (D:12)
  2 sky beasts
  8 ogres
  2 phantoms
  2 necrophages
  6 wolves
  8 centaurs
  3 big kobolds (D:10)
  9 bullfrogs
  Dowan (D:7)
  3 scorpions
  A wyvern skeleton (D:8)
  15 killer bees
  8 wights
  2 electric eels (D:8)
  A howler monkey (D:10)
  A centaur zombie (D:5)
  3 quasits
  3 bullfrog skeletons
  A bullfrog zombie (D:11)
  12 hounds
  3 jellies
  6 orc priests
  2 centaur skeletons
  11 orc wizards
  An iguana (D:5)
  14 worker ants
  A killer bee zombie (D:5)
  2 hound skeletons (D:10)
  A howler monkey zombie (D:8)
  4 worker ant zombies
  10 gnolls
  10 adders
  2 shadow imps
  16 white imps
  An ooze (D:4)
  2 adder skeletons
  3 worms
  2 dart slugs
  2 leopard geckos
  45 orcs
  A ball python (D:2)
  4 giant cockroaches
  10 goblins
  15 hobgoblins
  9 jackals
  5 quokkas
  10 bats
  9 frilled lizards
  14 kobolds
  A quokka skeleton (D:6)
  10 rats
390 creatures vanquished.

Vanquished Creatures (others)
  3 plants (D:5)
3 creatures vanquished.

Grand Total: 393 creatures vanquished

Table legend: (Time is in decaauts)
 A = Elapsed time spent in this place.
 B = Non-inter-level travel time spent in this place.
 C = Inter-level travel time spent in this place.
 D = Time resting spent in this place.
 E = Time spent auto-exploring this place.
 F = Levels seen in this place.
 G = Mean time per level.
                   A        B        C        D        E       F      G
               +--------+--------+--------+--------+--------+-----+--------+
         Total |  25981 |  25187 |    794 |  12403 |   7570 |  14 | 1855.8 |
       Dungeon |  22987 |  22250 |    737 |  10447 |   7271 |  12 | 1915.6 |
        Temple |    737 |    681 |     56 |    437 |    136 |   1 |  737.0 |
      Ice Cave |   2257 |   2257 |      0 |   1519 |    162 |   1 | 2257.0 |
               +--------+--------+--------+--------+--------+-----+--------+

Top non-repeatable levels by time:
     D:7: 3874 daAuts
     D:8: 3572 daAuts
    D:10: 2908 daAuts
     D:6: 2369 daAuts
   IceCv: 2257 daAuts
     D:9: 2107 daAuts
     D:2: 1926 daAuts
     D:5: 1662 daAuts
     D:1: 1463 daAuts
     D:3: 1300 daAuts
     D:4: 1253 daAuts
  Temple: 737 daAuts
    D:12: 343 daAuts
    D:11: 204 daAuts
